[Event "Early-Titled-Tuesday-Blitz-February-13-2024"]
[Site "Chess.com"]
[Date "2024.02.13"]
[Round "7"]
[White "NikitaShnadrygin"]
[Black "rezamahdavi2008"]
[Result "0-1"]
[WhiteElo "2633"]
[BlackElo "2845"]
[TimeControl "180+1"]
[EndTime "9:21:08 PST"]
[Termination "rezamahdavi2008 won on time"]

1. e4 c5 2. Nf3 d6 3. d4 cxd4 4. Nxd4 Nf6 5. Nc3 a6 6. f3 e5 7. Nb3 Be7 8. Be3 Be6 9. Qd2 Nbd7 10. g4 O-O 11. g5 Nh5 12. Nd5 Bxd5 13. exd5 f5 14.
gxf6 Bxf6 15. O-O-O Nf4 16. Kb1 a5 17. a4 Nb6 18.
Bb5 Kh8 19. c4 Nc8 20. c5 dxc5 21. Bxc5 Nd6 22. Nxa5 Rxa5 23. Bxd6 Rxb5 24. Bxf8 Rxd5 25. Bxg7+ Bxg7 26. Qc2 Nd3 27. Rhg1 Rd4 28. Qb3 Nc5 29. Qc2 Nd3 30. Qb3 Qd7 31. Rg2 Nc5 32. Rxd4 exd4 33.
Qc4 b6 34. Rd2 Qf5+ 35. Ka2 Qxf3 36. b4 Ne4 37. Qc8+ Bf8 38. Rc2 d3 39. Rb2 d2 40.
Qe6 d1=Q 41. Qe5+ Kg8 42. Qe6+ Qf7 0-1

[Event "Early-Titled-Tuesday-Blitz-February-13-2024"]
[Site "Chess.com"]
[Date "2024.02.13"]
[Round "7"]
[White "aghasiyevkamal"]
[Black "ActorXu"]
[Result "0-1"]
[WhiteElo "2627"]
[BlackElo "2819"]
[TimeControl "180+1"]
[EndTime "9:21:09 PST"]
[Termination "ActorXu won on time"]

1. d4 Nf6 2. c4 e6 3. Nf3 d5 4.
Nc3 Bb4 5. cxd5 exd5 6. Bg5 h6 7. Bxf6 Qxf6 8. e3 O-O 9. Bd3 Be6 10. O-O c6 11.
Qb3 Qe7 12. Rfe1 Nd7 13. a3 Bxc3 14. Qxc3 a5 15. Rad1 Nf6 16. h3 Ne4 17. Qc2 Nd6 18. Qc5 Bf5 19. Bxf5 Nxf5 20. Qxe7 Nxe7 21. Nd2 Nf5 22.
f3 Rfe8 23. Kf2 a4 24. g4 Nd6 25. Nb1 g6 26. Nc3 f5 27. Re2 Kf7 28. gxf5 gxf5 29.
Kg3 Kf6 30. Kf4 Rg8 31. Rdd2 b5 32. Rg2 Rae8 33. Rc2 Rg5 34. h4 Rh5 35. Rh2 Rg8 36.
Ne2 Nf7 37. Ng3 Rhg5 38. Rh3 Nd8 39. e4 Ne6+ 40. Ke3 f4+ 41. Kd3 Rxg3 42. Rxg3 fxg3 43. Rxc6 g2 0-1

[Event "Early-Titled-Tuesday-Blitz-February-13-2024"]
[Site "Chess.com"]
[Date "2024.02.13"]
[Round "7"]
[White "rachidhuilda"]
[Black "lluiss"]
[Result "1-0"]
[WhiteElo "2315"]
[BlackElo "2150"]
[TimeControl "180+1"]
[EndTime "9:21:10 PST"]
[Termination "rachidhuilda won by checkmate"]

1. d4 d5 2. Nf3 c6 3. c4 e6 4. g3 f5 5. Bg2 Nf6 6. O-O Be7 7. Qc2 O-O 8. Bf4 Bd7 9. Nbd2 Be8 10.
Ne5 Bh5 11. Ndf3 Bxf3 12. exf3 Nbd7 13. c5 Nxe5 14. Bxe5 Nd7 15. Bf4 Bf6 16. Rad1 e5 17.
dxe5 Nxe5 18. Qxf5 Nc4 19. Qe6+ Kh8 20. b3 Re8 21.
Qg4 Ne5 22. Qf5 g6 23. Qc2 Nf7 24. Rfe1 Qd7 25. h4 Be5 26. Bc1 b6 27. Re2 Bg7 28.
Rde1 b5 29. Bf4 a5 30. Qd2 a4 31. Rxe8+ Rxe8 32. bxa4 bxa4 33. Rxe8+ Qxe8 34. Qb4 h6 35. Qxa4 Qe1+ 36. Bf1 Be5 37. Qxc6 Bxf4 38. gxf4 Qd1 39. Qf6+ Kg8 40. Qxg6+ Kf8 41. c6 Qc1 42. Kg2 Ke7 43.
Bd3 d4 44. Qe4+ Kf8 45. f5 Nd8 46. Qxd4 Nxc6 47. Qd6+ Kf7 48. Qe6+ Kf8 49. f6 Qc5 50. Bg6 Ne5 51. Qe8# 1-0

[Event "Early-Titled-Tuesday-Blitz-February-13-2024"]
[Site "Chess.com"]
[Date "2024.02.13"]
[Round "7"]
[White "krasavetc"]
[Black "OhanyanEminChess"]
[Result "0-1"]
[WhiteElo "2624"]
[BlackElo "2810"]
[TimeControl "180+1"]
[EndTime "9:21:11 PST"]
[Termination "OhanyanEminChess won by resignation"]

1. e4 e5 2. d4 exd4 3. Qxd4 Nc6 4. Qe3 Nf6 5. Nc3 Bb4 6. Bd2 O-O 7. O-O-O Re8 8.
Bc4 Na5 9. Bd3 d5 10. Qg5 h6 11. Qh4 d4 12. Nce2 Bxd2+ 13. Rxd2 c5 14. b3 c4 15.
Bxc4 Nxc4 16. Rxd4 Nd6 17. Nf3 Rxe4 18. Rxe4 Ndxe4 19. Rd1 Qa5 20. Kb2 Bg4 21. Rd4 Bxf3 22. gxf3 Qe1 23.
Rxe4 Nxe4 24. Qxe4 Rd8 25. Nc3 Qxf2 26. Qxb7 g6 27.
h3 Rd2 28. Qc8+ Kg7 29. Ne4 Qd4+ 30. Ka3 Rd1 31. c3 Qe5 32. Qc4 Re1 33. b4 Rh1 34.
Nc5 Rxh3 35. Kb3 Rxf3 36. a4 h5 37. Nd7 Qf4 38. Qd5 Qf5 39. Qd6 Qe6+ 40. Qxe6 fxe6 41. Nc5 h4 42. Nxe6+ Kh6 43. Nd4 Rf2 44. b5 h3 45.
Nc6 h2 46. Ne5 Kh5 47. Nd3 Rf1 0-1

[Event "Early-Titled-Tuesday-Blitz-February-13-2024"]
[Site "Chess.com"]
[Date "2024.02.13"]
[Round "7"]
[White "secrethawk1"]
[Black "Kostukov_Alex"]
[Result "1-0"]
[WhiteElo "2478"]
[BlackElo "2249"]
[TimeControl "180+1"]
[EndTime "9:21:13 PST"]
[Termination "secrethawk1 won by checkmate"]

1. Nf3 g6 2. d4 Bg7 3. Bf4 d6 4.
h3 Nc6 5. e3 e5 6. Bh2 e4 7. Nfd2 Qe7 8. c4 Nf6 9. Nc3 O-O 10. a3 Re8 11. Be2 h5 12. O-O Bf5 13.
b4 Nh7 14. Rc1 Ng5 15. c5 Bxh3 16. gxh3 Nxh3+ 17. Kg2 Ng5 18. cxd6 cxd6 19. b5 Nd8 20. Nd5 Qd7 21. Nc7 Qh3+ 22. Kg1 Nde6 23. Nxa8 Rxa8 24.
Re1 Bxd4 25. Bf1 Qf5 26. exd4 Nxd4 27. Bg2 d5 28. Rf1 Rd8 29. Kh1 h4 30. f4 Nge6 31. Rg1 e3 32. Nf3 Nxb5 33. Nxh4 Qh5 34. Qxh5 gxh5 35. Bxd5+ Kf8 36. Bxe6 fxe6 37. Rce1 Rd3 38. Ng6+ Ke8 39. Ne5 Rxa3 40. Rg3 a5 41. Rgxe3 Ra2 42. R1e2 Ra1+ 43. Kg2 a4 44. Nc4 a3 45. Rxe6+ Kd7 46.
Nb6+ Kc7 47. Rc2+ Kb8 48. Rc8+ Ka7 49. Ra8# 1-0

[Event "Early-Titled-Tuesday-Blitz-February-13-2024"]
[Site "Chess.com"]
[Date "2024.02.13"]
[Round "7"]
[White "YurasovMat-2012"]
[Black "Elsa167"]
[Result "0-1"]
[WhiteElo "2676"]
[BlackElo "2905"]
[TimeControl "180+1"]
[EndTime "9:21:16 PST"]
[Termination "Elsa167 won by resignation"]

1. e4 c5 2. Nf3 e6 3. b3 d5 4. exd5 exd5 5. Bb2 Nc6 6. Bb5 Nf6 7. O-O Be7 8. d4 O-O 9. Re1 Bg4 10. Bxc6 bxc6 11.
h3 Bxf3 12. Qxf3 Ne4 13. Nc3 f5 14. Ne2 f4 15. dxc5 Bxc5 16. Nd4 Qf6 17. Rad1 Rae8 18. Ba1 Nd2 19. Qd3 Ne4 20. Qf3 Qg6 21. Qg4 Qf7 22. Re2 h5 23. Qf3 Ng5 24. Qd3 f3 25. Rxe8 Rxe8 26. Nxf3 Nxf3+ 27. Qxf3 Qxf3 28. gxf3 Re2 29.
Bd4 Rxc2 30. Bxc5 Rxc5 31. Rd4 Kf7 32. Kf1 Ke6 33. f4 g6 34. Kg2 a5 35. Ra4 Rb5 36. Rd4 c5 37. Rd1 a4 38. Rd3 axb3 39.
axb3 d4 40. Rg3 Kd5 41. Kf1 Ke4 42. Rxg6 Rxb3 43. Rc6 d3 44. Ke1 Rb1+ 45. Kd2 Rb2+ 46. Kc1 Rc2+ 47. Kd1 Kd4 48. Ke1 c4 49. f5 Kc3 50. f3 Rc1+ 51. Kf2 d2 52. Rd6 d1=Q 53. Rxd1 Rxd1 54. f6 Rd6 0-1

[Event "Early-Titled-Tuesday-Blitz-February-13-2024"]
[Site "Chess.com"]
[Date "2024.02.13"]
[Round "7"]
[White "RobertoJBM"]
[Black "Willhaven3"]
[Result "1-0"]
[WhiteElo "2807"]
[BlackElo "2623"]
[TimeControl "180+1"]
[EndTime "9:21:16 PST"]
[Termination "RobertoJBM won by resignation"]

1. d4 Nf6 2. Nf3 e6 3. e3 b6 4. Bd3 Bb7 5. Qe2 Ne4 6. O-O f5 7. Nfd2 Qh4 8. f3 Ng5 9. e4 Bd6 10. g3 Qh5 11. e5 Be7 12. c3 O-O 13. Qg2 c5 14. h4 Nf7 15. Nb3 g5 16. N1d2 gxh4 17.
g4 fxg4 18. Qxg4+ Qxg4+ 19. fxg4 cxd4 20. cxd4 Na6 21. Be4 Bc6 22. Bxc6 dxc6 23. Ne4 Nb4 24. Bd2 Nd5 25. Kh2 Rac8 26. Rac1 Kg7 27. Kh3 h6 28. Kh2 Ng5 29. Nd6 Bxd6 30. exd6 Rcd8 31. Rxf8 Kxf8 32.
Rxc6 Nf3+ 33. Kh3 Nxd2 34. Nxd2 Kf7 35. Ne4 Rd7 36. Kxh4 Kg6 37. Rc1 Nf6 38. Nxf6 Kxf6 39. Rc6 Kg6 40. Kg3 Kf6 41. Kf4 Kg6 42. Ke5 Kf7 43. Rc2 Kg6 44. Rf2 Rd8 45. Rf6+ Kg5 46. Rxe6 Kxg4 47. Rxh6 Re8+ 48. Re6 Rd8 49. Re7 1-0

[Event "Early-Titled-Tuesday-Blitz-February-13-2024"]
[Site "Chess.com"]
[Date "2024.02.13"]
[Round "7"]
[White "amanjazu"]
[Black "KNVB"]
[Result "0-1"]
[WhiteElo "2513"]
[BlackElo "2869"]
[TimeControl "180+1"]
[EndTime "9:21:17 PST"]
[Termination "KNVB won by resignation"]

1. g3 d5 2. Bg2 c6 3. f4 Nh6 4.
Nf3 Bg4 5. O-O Nd7 6. d3 e6 7. Nc3 Bc5+ 8. Kh1 Nf5 9. e4 Nd4 10. Be3 Nxf3 11. Bxf3 Bxf3+ 12. Qxf3 d4 13. f5 e5 14. Qg4 dxe3 15. Qxg7 Qf6 16. Qg4 h5 17.
Qf3 h4 18. g4 h3 19. Na4 Qg5 20. Rae1 Bb6 21. a3 Nf6 22. Rg1 Rh4 23. Nxb6 axb6 24. Rxe3 O-O-O 25. Qe2 Rg8 26. Reg3 Rxg4 27. Qf1 Qh5 28.
Rxg4 Rxg4 29. Rg3 Rxg3 30. hxg3 Qg4 31. Kh2 Kd7 32. Qxh3 Qe2+ 33. Qg2 Qxg2+ 34. Kxg2 Ke7 35. Kh3 Nh7 36. Kh4 Kf6 37. g4 Ng5 38. Kg3 c5 39. b3 Kg7 40. Kh4 Kh6 41. Kg3 f6 42. Kh4 Nf7 43. Kg3 Nd6 44. Kh4 Nb5 45. a4 Nd4 46. c3 Nxb3 47. Kg3 c4 48. dxc4 Nc5 49.
Kf3 Kg5 50. Ke3 Kxg4 51. a5 bxa5 0-1

[Event "Early-Titled-Tuesday-Blitz-February-13-2024"]
[Site "Chess.com"]
[Date "2024.02.13"]
[Round "7"]
[White "Anton_Demchenko"]
[Black "Gerodot71"]
[Result "1-0"]
[WhiteElo "2943"]
[BlackElo "2643"]
[TimeControl "180+1"]
[EndTime "9:21:18 PST"]
[Termination "Anton_Demchenko won by resignation"]

1. e4 c5 2. Nf3 d6 3. d4 cxd4 4. Qxd4 a6 5. Be2 Nc6 6. Qe3 g6 7. O-O Bg7 8. Rd1 Nf6 9. h3 O-O 10. Nc3 Nd7 11. Rb1 Nde5 12. Nxe5 Nxe5 13. Nd5 Be6 14. Nb6 Rb8 15. b3 Nd7 16. Nd5 b5 17. c4 b4 18. Bb2 Bxb2 19. Rxb2 Nc5 20. e5 Bxd5 21. Rxd5 Qc7 22. Rbd2 Rbd8 23. h4 Ne6 24. exd6 exd6 25. h5 Nc5 26. Bf3 Rfe8 27. Qf4 Re6 28.
g3 Qe7 29. Qd4 Ne4 30. h6 f5 31. Bxe4 Rxe4 32. Qd3 Re1+ 33. Kg2 Qg5 34. Re2 Rxe2 35.
Qxe2 Qxh6 36. c5 Qf8 37. c6 Qf7 38. Ra5 Rc8 39. Qxa6 Qc7 40. Rb5 Qxc6+ 41. Qxc6 Rxc6 42. Rxb4 Ra6 43. a4 Rc6 44. a5 Ra6 45. Ra4 d5 46. b4 d4 47. b5 Rd6 48. Kf1 d3 49.
Ke1 1-0

[Event "Early-Titled-Tuesday-Blitz-February-13-2024"]
[Site "Chess.com"]
[Date "2024.02.13"]
[Round "7"]
[White "stollenmonster"]
[Black "Orest_Vovk"]
[Result "0-1"]
[WhiteElo "2885"]
[BlackElo "2686"]
[TimeControl "180+1"]
[EndTime "9:21:18 PST"]
[Termination "Orest_Vovk won on time"]

1. e4 g5 2. d4 g4 3. g3 Bg7 4. Bg2 h5 5. h3 h4 6. hxg4 hxg3 7. Rxh8 gxf2+ 8. Kxf2 Bxh8 9. Qd3 d6 10. g5 c5 11. c3 Nc6 12. Ne2 Bg4 13. Be3 Qb6 14. Nd2 Bxe2 15. Kxe2 cxd4 16. cxd4 Nxd4+ 17. Kf2 Qxb2 18. Rb1 Qc2 19. Qxc2 Nxc2 20. Rxb7 Nxe3 21. Kxe3 Kf8 22. Nc4 Rc8 23. Bf1 f6 24. g6 Kg7 25. Nxd6 Rc3+ 26.
Kd4 Ra3 27. Nf5+ Kxg6 28. Bc4 Nh6 29. Nxe7+ Kg5 30. Rb5+ f5+ 31. e5 Ng4 32. Nc6 f4 33. Rb8 Bg7 34. Rg8 Kg6 35. Kd5 Rc3 36. e6 Kh7 37.
Rb8 Nf6+ 38. Kd4 Nd7+ 39. Kd5 Nxb8 40. Nxb8 f3 41. e7 Re3 42. Kd6 Be5+ 43. Kd7 Bxb8 44.
Be6 Rxe6 45. Kxe6 f2 46. e8=Q f1=Q 47. Qxb8 Qe2+ 48. Kd7 Qxa2 0-1

[Event "Early-Titled-Tuesday-Blitz-February-13-2024"]
[Site "Chess.com"]
[Date "2024.02.13"]
[Round "7"]
[White "FairChess_on_YouTube"]
[Black "vi_pranav"]
[Result "1-0"]
[WhiteElo "3093"]
[BlackElo "3047"]
[TimeControl "180+1"]
[EndTime "9:21:19 PST"]
[Termination "FairChess_on_YouTube won on time"]

1. d4 Nf6 2. c4 e6 3. Nf3 b6 4. g3 Ba6 5. Nbd2 Bb4 6. Qc2 O-O 7. Bg2 Bb7 8. O-O Bxd2 9. Qxd2 d6 10. b3 Nbd7 11. Bb2 a5 12. Rac1 Ra7 13. Rfd1 Ne4 14. Qc2 f5 15. d5 e5 16. Nh4 g6 17. Rf1 Ndc5 18. f3 Nf6 19. f4 Qe7 20. fxe5 dxe5 21. Nf3 Nfd7 22. Qc3 Re8 23. Qe3 Ne4 24. Nh4 Nd6 25.
Bh3 Raa8 26. Bxf5 Nxf5 27. Nxf5 gxf5 28. Rxf5 Qc5 29. Rg5+ Kh8 30. Qxc5 bxc5 31. Rf1 Re7 32. Rff5 Rae8 33. Kf2 h6 34. Rh5 Kg7 35. Bc1 Nf6 36. Bxh6+ Kg6 37. Rfg5+ Kh7 38. Rh4 Ne4+ 39. Rxe4 Kxh6 40.
Reg4 Bc8 41. Rg6+ Kh7 42. R4g5 Rf8+ 43. Ke3 Rf1 44. Rg8 Bd7 45. Ra8 a4 46. Ra7 Bh3 47. d6 Rd7 48. dxc7 1-0

[Event "Early-Titled-Tuesday-Blitz-February-13-2024"]
[Site "Chess.com"]
[Date "2024.02.13"]
[Round "7"]
[White "Agibileg"]
[Black "ErikRonka"]
[Result "0-1"]
[WhiteElo "2717"]
[BlackElo "2553"]
[TimeControl "180+1"]
[EndTime "9:21:19 PST"]
[Termination "ErikRonka won by resignation"]

1. d4 d5 2. c4 c6 3. Nf3 Nf6 4. Nc3 e6 5. Bg5 dxc4 6. e4 b5 7. e5 h6 8. Bh4 g5 9. Nxg5 hxg5 10.
Bxg5 Nbd7 11. g3 Qb6 12. exf6 Bb7 13. Bg2 O-O-O 14. O-O c5 15. d5 b4 16. Rb1 Qa6 17.
dxe6 Bxg2 18. e7 Bxf1 19. Qf3 Bxe7 20. fxe7 Bd3 21. Nd5 Rde8 22. Re1 Qc6 23. Bf4 Kb7 24. Qg2 Nb6 25. Nf6 Qxg2+ 26. Kxg2 Nc8 27. Nxe8 Rxe8 28. Bg5 Kc6 29. Re5 Kd7 30. Rxc5 Nxe7 31. Rb5 Nc6 32.
Rb7+ Ke6 33. f4 Be4+ 34. Kf2 f5 35. h3 c3 36. bxc3 bxc3 37. Rb3 c2 38. Rc3 Nd4 39.
g4 Rb8 40. Ke3 Rb1 41. Kxd4 c1=Q 42. Rxc1 Rxc1 43. h4 Rh1 44. h5 Bf3 45. h6 fxg4 46.
Ke3 Bd5 47. Kf2 Kf5 48. Kg3 Bxa2 49. h7 Rxh7 50. Bh4 Rb7 0-1

[Event "Early-Titled-Tuesday-Blitz-February-13-2024"]
[Site "Chess.com"]
[Date "2024.02.13"]
[Round "7"]
[White "Alen_Yeremyann"]
[Black "twofoxniel"]
[Result "0-1"]
[WhiteElo "2781"]
[BlackElo "2628"]
[TimeControl "180+1"]
[EndTime "9:21:20 PST"]
[Termination "twofoxniel won by resignation"]

1. e4 d5 2. exd5 Nf6 3. Nc3 Nxd5 4. Bc4 Nb6 5. Bb5+ Bd7 6. Nge2 Bxb5 7. Nxb5 Nc6 8. O-O a6 9. Na3 e5 10. b3 Bd6 11. Bb2 O-O 12. Nc4 Nxc4 13. bxc4 Re8 14.
d3 Bc5 15. Rb1 b6 16. Ng3 Qd7 17. Qf3 Bd4 18. c3 Bc5 19. Rbd1 Rad8 20. Nf5 Ne7 21. Ne3 Ng6 22. d4 Bf8 23. Qb7 Qc8 24. Qxc8 Rxc8 25.
Nd5 Bd6 26. Rfe1 f6 27. a4 a5 28. g3 Kf7 29. Kg2 h5 30. Ne3 h4 31. c5 bxc5 32.
d5 Rb8 33. Nc4 Rb3 34. Ba1 Ra8 35. Rb1 Rxb1 36. Rxb1 Ne7 37. Nxd6+ cxd6 38. c4 hxg3 39. hxg3 Ra6 40. Bc3 Nc8 41. Rb7+ Kg6 42. Rc7 Ra8 43.
Rb7 Ra6 44. Rc7 Ra8 45. g4 Nb6 46. Rb7 Nxc4 47. Kf3 Rh8 48. Ke4 Rh3 49. f3 Rh1 50. Kd3 Na3 51. Bxa5 Rd1+ 52. Bd2 Nb1 53. Kc2 Rxd2+ 54.
Kxb1 Rxd5 55. a5 c4 56. a6 Ra5 57. a7 d5 58. Rc7 Ra4 59. Kb2 d4 60. Rxc4 Rxa7 61.
Kc2 Ra3 62. f4 Rg3 63. fxe5 fxe5 64. Kd2 Rxg4 65. Kd3 Kf5 66. Rc7 Rg3+ 67. Kc4 Ke4 68. Rf7 g5 69. Kb4 Rc3 70. Rg7 Rg3 71. Kc4 g4 72. Rf7 Rc3+ 73. Kb4 Rc8 74. Rg7 Kf4 75. Rf7+ Ke3 76. Re7 e4 77. Rg7 d3 78. Rxg4 d2 79. Rg3+ Kd4 80. Rg7 Kd3 0-1

[Event "Early-Titled-Tuesday-Blitz-February-13-2024"]
[Site "Chess.com"]
[Date "2024.02.13"]
[Round "7"]
[White "levallem"]
[Black "PepeCuenca"]
[Result "1-0"]
[WhiteElo "2342"]
[BlackElo "2675"]
[TimeControl "180+1"]
[EndTime "9:21:20 PST"]
[Termination "levallem won on time"]

1. d4 Nf6 2. Nf3 d5 3. e3 e6 4. Bd3 b6 5. b3 Bb7 6. Bb2 Be7 7. Nbd2 c5 8. O-O O-O 9. Ne5 Nbd7 10. f4 Ne4 11. Nxe4 dxe4 12. Bc4 cxd4 13. Nxd7 Qxd7 14. Qxd4 Qxd4 15. exd4 Bd5 16. Be2 f5 17. g3 Bf6 18.
Kf2 g5 19. Ke3 gxf4+ 20. gxf4 Kh8 21. c4 Bb7 22. Rg1 Rg8 23. Rg3 Rg6 24. Rag1 Rag8 25.
a4 Bc6 26. Bh5 Rxg3+ 27. Rxg3 Rxg3+ 28. hxg3 Bd7 29. Bc3 Kg7 30. Be2 Kf7 31. a5 Ke7 32.
axb6 axb6 33. g4 h6 34. b4 Kd8 35. c5 b5 36. gxf5 exf5 37. Bh5 Be6 38. Be2 Bd7 39. Kd2 Kc7 40. d5 Bxc3+ 41. Kxc3 Be8 42. Kd4 h5 43. Ke5 h4 44. Kxf5 e3 45. Kg4 Bh5+ 46. Kxh5 h3 47. d6+ Kd8 48. c6 h2 49. c7+ Kd7 50. Bg4+ Kxd6 51. c8=Q h1=Q+ 52. Kg5 Qd5+ 53. f5 Ke5 54. Qe6+ Qxe6 55. fxe6 e2 56. Bxe2 Kxe6 57. Bxb5 1-0

[Event "Early-Titled-Tuesday-Blitz-February-13-2024"]
[Site "Chess.com"]
[Date "2024.02.13"]
[Round "7"]
[White "LiamPutnam2008"]
[Black "FGHSMN"]
[Result "0-1"]
[WhiteElo "2809"]
[BlackElo "2982"]
[TimeControl "180+1"]
[EndTime "9:21:22 PST"]
[Termination "FGHSMN won by resignation"]

1. e4 c6 2. d4 d5 3. Nd2 g6 4. Ngf3 Bg7 5. Bd3 Nf6 6. O-O Bg4 7. e5 Nfd7 8. h3 Bxf3 9. Nxf3 e6 10. b4 O-O 11. a4 a5 12. c3 axb4 13. cxb4 Na6 14. Bd2 Qe7 15. Qb3 Nc7 16. Rfc1 Rfc8 17. b5 c5 18.
dxc5 Nxc5 19. Qb4 Bf8 20. Be2 d4 21. Bg5 Qe8 22. Rxc5 b6 23. Qxd4 bxc5 24. Qh4 Nd5 25. Bd3 Bg7 26. Be4 c4 27. Bf6 Qf8 28. Nd4 c3 29. Nc6 Rc7 30. Bxd5 exd5 31. Qd4 c2 32. Rc1 Qa3 33. Rxc2 Rxa4 34. Qxd5 Bxf6 35. exf6 Qa1+ 36. Kh2 Qxf6 37. b6 Rb7 38. Qc5 Ra8 39. Nb4 Rxb6 40. Nd5 Qd6+ 41. g3 Qxc5 42. Rxc5 Rb2 43.
Nf6+ Kg7 44. Ng4 h5 45. Ne3 Rxf2+ 46. Kg1 Re2 47. Nf1 Ra1 48. Rc3 Ree1 49. Rf3 Re2 50.
Rf4 Raa2 51. Rf3 Rg2+ 52. Kh1 Raf2 53. Rxf2 Rxf2 54. Kg1 Ra2 55. Nh2 Kf6 56. Nf1 Kf5 57.
Ne3+ Ke4 58. Nf1 Kf3 0-1

[Event "Early-Titled-Tuesday-Blitz-February-13-2024"]
[Site "Chess.com"]
[Date "2024.02.13"]
[Round "7"]
[White "AsaHoffmann"]
[Black "cukin84"]
[Result "0-1"]
[WhiteElo "2416"]
[BlackElo "2255"]
[TimeControl "180+1"]
[EndTime "9:21:22 PST"]
[Termination "cukin84 won by resignation"]

1. d4 f5 2. Nc3 Nf6 3. Bg5 g6 4. h4 Bg7 5. h5 Nxh5 6. Rxh5 gxh5 7. e3 O-O 8. Qxh5 Qe8 9. Qh2 d6 10. Bd3 e5 11. Nge2 c6 12. O-O-O e4 13. Bc4+ d5 14.
Bb3 a5 15. a4 Na6 16. Rh1 Qg6 17. Qh4 Bf6 18. Bxf6 Rxf6 19. Nf4 Qg7 20. Nh5 Rh6 21. Nxg7 Rxh4 22. Rxh4 Kxg7 23. Ne2 Nb4 24. Nf4 Bd7 25.
c3 Na6 26. c4 Nc7 27. cxd5 cxd5 28. Bxd5 Bxa4 29. Bxb7 Rb8 30. Bd5 Rc8 31. Kd2 Nxd5 32. Nxd5 Rc2+ 33. Ke1 Rxb2 34. Nf4 Bb3 35. Rh5 a4 36.
Rxf5 a3 37. Ra5 a2 38. d5 Rb1+ 39. Kd2 a1=Q 40. Rxa1 Rxa1 41. Kc3 Ba4 42. Kd4 Kf6 43. Kxe4 Ra2 44. f3 Bd7 45. g4 h6 46. Kd4 Ra4+ 47.
Kc5 Ra3 48. Kd4 Rb3 49. Nd3 Bb5 50. Nc5 Rb4+ 51. Kc3 Rc4+ 52. Kb3 Rxc5 53. e4 Be2 54. f4 Bf3 55. e5+ Ke7 56. d6+ Kd7 57. g5 Bg4 58.
gxh6 Rc1 59. Kb4 Bf5 60. Kb5 Rf1 61. Kc5 Rxf4 62. Kd5 Be6+ 63. Kc5 Rh4 64. Kb5 Rxh6 0-1

[Event "Early-Titled-Tuesday-Blitz-February-13-2024"]
[Site "Chess.com"]
[Date "2024.02.13"]
[Round "7"]
[White "dropstoneDP"]
[Black "VladimirKramnik"]
[Result "1-0"]
[WhiteElo "3071"]
[BlackElo "2925"]
[TimeControl "180+1"]
[EndTime "9:21:23 PST"]
[Termination "dropstoneDP won on time"]

1. e4 e6 2. d4 d5 3. e5 c5 4.
c3 Nc6 5. Nf3 Bd7 6. Be2 Nge7 7.
O-O cxd4 8. cxd4 Nf5 9. Nc3 a6 10. a3 Rc8 11. Bf4 Be7 12. g4 Nh4 13. Nxh4 Bxh4 14.
Rc1 O-O 15. Na4 f6 16. exf6 Bxf6 17. Bd6 Nxd4 18. Rxc8 Qxc8 19. Nb6 Qc6 20. Nxd7 Qxd7 21. Bxf8 Kxf8 22. g5 Nxe2+ 23. Qxe2 Bxg5 24. Re1 Ke7 25. Qg4 Bf6 26. Qb4+ Kf7 27. Rc1 e5 28. Qb3 b5 29.
Rd1 Qg4+ 30. Kf1 Qc4+ 31. Qxc4 dxc4 32. Rd6 e4 33. Rxa6 Bxb2 34. Ke2 Bd4 35. Ra5 c3 36.
Rxb5 Ke6 37. Rb7 Kd6 38. a4 Bxf2 39. Rb3 Bd4 40. a5 Kc5 41. a6 Kc4 42. Rb7 c2 43.
Rc7+ Kb3 44. Kd2 e3+ 45. Kd3 e2 46. Kxe2 Kb2 47. Kd2 c1=Q+ 48. Rxc1 1-0

[Event "Early-Titled-Tuesday-Blitz-February-13-2024"]
[Site "Chess.com"]
[Date "2024.02.13"]
[Round "7"]
[White "Korchmar_Vasiliy"]
[Black "Jaka_Brilej"]
[Result "1-0"]
[WhiteElo "2733"]
[BlackElo "2539"]
[TimeControl "180+1"]
[EndTime "9:21:23 PST"]
[Termination "Korchmar_Vasiliy won by checkmate"]

1. Nf3 Nf6 2. g3 g6 3. Bg2 Bg7 4. O-O O-O 5. d3 d5 6. Nbd2 c5 7. e4 Nc6 8. c3 e5 9. exd5 Nxd5 10. Re1 b6 11. Nc4 Re8 12. Ng5 Ba6 13. Nxf7 Kxf7 14.
Qf3+ Ke6 15. Ne3 Nde7 16. Nc4 Kd7 17. Bg5 Bb7 18. Qf7 h6 19. Bd2 Bh8 20. b4 Rf8 21. Qh7 Qe8 22. bxc5 bxc5 23. Rab1 Kc7 24. Rxb7+ Kxb7 25. Nd6+ Kc7 26. Nxe8+ Raxe8 27. Qxh6 Bf6 28. Qe3 Rd8 29.
Qxc5 Rxd3 30. Bxc6 Rxd2 31. Bf3+ Kd8 32. Rb1 Ke8 33.
Rb8+ Kf7 34. Rxf8+ Kxf8 35. Qxa7 Rc2 36. Qe3 Nf5 37.
Qc5+ Kg7 38. a4 Rc1+ 39. Kg2 Re1 40. Qd5 Ne7 41. Qb7 Rc1 42. a5 Rxc3 43. a6 Kh6 44. a7 e4 45. Bxe4 Ra3 46. a8=Q Rxa8 47. Qxa8 Nf5 48. Bxf5 gxf5 49. Qf3 Kg6 50. h3 Bg7 51. g4 f4 52. Qxf4 Kh7 53. Qf5+ Kh8 54.
Qh5+ Bh6 55. Qxh6+ Kg8 56. Qd6 Kf7 57. Kf3 Kg8 58. Kf4 Kf7 59. Kf5 Kg8 60. Kg6 Kh8 61. Qf8# 1-0

[Event "Early-Titled-Tuesday-Blitz-February-13-2024"]
[Site "Chess.com"]
[Date "2024.02.13"]
[Round "7"]
[White "KetiTsatsalashvili"]
[Black "Mikhail_Golubev"]
[Result "0-1"]
[WhiteElo "2463"]
[BlackElo "2679"]
[TimeControl "180+1"]
[EndTime "9:21:23 PST"]
[Termination "Mikhail_Golubev won by checkmate"]

1. d4 Nf6 2. Nf3 d6 3. c4 g6 4. Nc3 Bg7 5. e4 O-O 6. Be2 e5 7.
O-O h6 8. d5 a5 9. Nd2 Nh7 10.
a3 f5 11. Rb1 Nf6 12. b4 axb4 13. axb4 f4 14. c5 g5 15. f3 h5 16. h3 g4 17. hxg4 hxg4 18. fxg4 Nh7 19. cxd6 cxd6 20. Nc4 Bf6 21. g5 Nxg5 22. Bg4 Qc7 23. Be2 f3 24. Rxf3 Nxf3+ 25. gxf3 Qg7+ 26. Kf2 b5 27. Nxb5 Bh4+ 28.
Ke3 Ba6 29. Nbxd6 Bxc4 30. Nxc4 Nd7 31. Kd3 Rfb8 32. Be3 Bg5 33. Qd2 Nc5+ 34. Bxc5 Bxd2 35. Nxd2 Ra3+ 36. Kc2 Ra2+ 37. Kd3 Rc8 38. Rg1 Qxg1 39.
Bxg1 Ra3+ 40. Nb3 Rxb3+ 41. Kd2 Rb2+ 42. Ke3 Rcc2 43. Bd3 Rg2 44. b5 Rxg1 45. f4 Re1+ 46. Kf3 Rb3 47. fxe5 Rxd3+ 48. Kf4 Rf1+ 49. Kg5 Rd2 50.
Kh4 Rg2 51. Kh3 Rg7 52. Kh2 Rf2+ 53. Kh3 Rf3+ 54. Kh2 Rf4 55. Kh3 Rxe4 56. e6 Re5 57. b6 Rh5# 0-1

[Event "Early-Titled-Tuesday-Blitz-February-13-2024"]
[Site "Chess.com"]
[Date "2024.02.13"]
[Round "7"]
[White "HansOnTwitch"]
[Black "platy3"]
[Result "1-0"]
[WhiteElo "3165"]
[BlackElo "2933"]
[TimeControl "180+1"]
[EndTime "9:21:24 PST"]
[Termination "HansOnTwitch won on time"]

1. e4 c5 2. Nf3 e6 3. b3 b6 4. d4 cxd4 5. Nxd4 Bb7 6. Nd2 Qc7 7.
Bb2 Nf6 8. Bd3 a6 9. Qe2 d6 10. g4 h6 11. h4 Nbd7 12. O-O-O Nc5 13. Kb1 Nfd7 14. Rc1 b5 15. f4 Qb6 16. g5 Be7 17. N4f3 Rg8 18. Rcg1 O-O-O 19. g6 f6 20. Nd4 Rge8 21.
b4 Nxd3 22. cxd3 Bf8 23. Rc1+ Kb8 24. N2b3 Ka8 25. Na5 Nb8 26. Ndb3 e5 27. Nxb7 Qxb7 28. Na5 Qb6 29. Qf3 Rc8 30. d4 d5 31. a3 f5 32.
exf5 e4 33. Qb3 Qd6 34. Rc5 Red8 35. Qe3 Nd7 36. Rxc8+ Rxc8 37. Nb3 Nb6 38. Nc5 Nc4 39. Qh3 Qf6 40. Nd7 Qc6 41. f6 Nxb2 42. Nb6+ Kb7 43.
Qxc8+ Qxc8 44. Nxc8 Nd3 45. Ne7 e3 46. Rh2 Nxf4 47.
Kc2 gxf6 48. Nf5 Nxg6 49. Nxe3 Kc6 50. Rf2 Be7 51. h5 Nh4 52. Rf4 f5 53. Nxf5 Ng2 54.
Rf2 1-0

[Event "Early-Titled-Tuesday-Blitz-February-13-2024"]
[Site "Chess.com"]
[Date "2024.02.13"]
[Round "7"]
[White "ama18"]
[Black "Rurep26"]
[Result "1-0"]
[WhiteElo "2590"]
[BlackElo "2731"]
[TimeControl "180+1"]
[EndTime "9:21:27 PST"]
[Termination "ama18 won by checkmate"]

1. Nf3 d5 2. b3 Nf6 3. e3 c6 4. Bb2 Bf5 5. d4 e6 6. Nh4 Bg4 7. Be2 Bxe2 8. Qxe2 Bd6 9. Nd2 Ne4 10. Nhf3 f5 11. Nxe4 fxe4 12. Nd2 O-O 13. O-O-O Qa5 14. Kb1 Ba3 15. f3 exf3 16. gxf3 Na6 17. Rhg1 Nb4 18.
Bc3 Qc7 19. f4 a5 20. Nf3 a4 21. Ne5 axb3 22. cxb3 Na6 23. Rg2 Bd6 24. Nd3 Rf7 25.
Rdg1 Qe7 26. Qh5 Nc7 27. Rg3 Ne8 28. Rh3 Nf6 29. Qh4 g6 30. Rxg6+ Kh8 31. Bb2 Rg8 32. Rxg8+ Nxg8 33. Qxe7 Nxe7 34. Nc5 Bxc5 35. dxc5+ Kg8 36. Rg3+ Kf8 37. Be5 Ng6 38. Bd6+ Ke8 39. Kc2 Rf5 40. Rh3 h5 41. Rg3 Kf7 42. Kd3 h4 43. Rg4 Rh5 44. b4 Rh8 45. Kc2 h3 46. a4 Nh4 47. Be5 Rh7 48.
Rg3 Nf5 49. Rf3 Ke8 50. b5 cxb5 51. axb5 Kd7 52. Kd3 Rh4 53. e4 dxe4+ 54. Kxe4 Kc8 55. Ra3 Kd7 56. Ra7 Kc8 57. Ra8+ Kd7 58. Rb8 Ng3+ 59. Kf3 Nf5 60. Rxb7+ Kc8 61. c6 Rh5 62. Rb8# 1-0